 Dungeon Sprint DCSS version 0.30.1-9-gdf580d7c3d (webtiles) character file.

Game seed: 341272708174389127

68258 Heoruswealwe the Impregnable (level 14, -30/157 HPs)
             Began as a Minotaur Fighter on Sept 27, 2023.
             Was an Initiate of Gozag.
             Annihilated by Cerebov
             ... wielding the +6 sword of Cerebov {flame}
              (40 damage)
             ... in the Dungeon (Sprint IX: "|||||||||||||||||||||||||||||").
             The game lasted 00:41:52 (3534 turns).

Heoruswealwe the Impregnable (Minotaur Fighter)     Turns: 3534, Time: 00:41:53

Health: -30/157    AC: 33    Str: 32    XL:     14   Next: 86%
Magic:  13/13      EV: 16    Int:  5    God:    Gozag
Gold:   3761       SH: 17    Dex:  7    Spells: 13/13 levels left

rFire   + . .        a - +9 demon trident (flame)
rCold   + + +        d - +2 kite shield
rNeg    + . .        c - +4 gold dragon scales
rPois   +            (helmet restricted)
rElec   +            h - scarf {rC+ rF+}
rCorr   .            f - +1 pair of gloves
SInv    .            e - +0 pair of boots
Will    ++...        (no amulet) Stlth
                     k - ring "Diojoedgh" {rC+ Will+ EV+5 Str+2 Slay+3}
HPRegen 0.46/turn    j - ring of Haorul {rElec rN+ Str+6 Dex-5}
MPRegen 0.13/turn

%: no teleportation
@: fire vulnerable
A: horns 2, retaliatory headbutt
a: Renounce Religion, Potion Petition, Call Merchant, Bribe Branch


You were in the Dungeon.
You worshipped Gozag.
Gozag was most pleased with you.
You visited 1 branch You collected 16656 gold pieces.
You spent 6264 gold pieces at shops.
You paid 6631 gold pieces to Gozag.

Inventory:

Hand Weapons
 a - a +9 demon trident of flaming (weapon)
 b - a +7 bardiche of holy wrath
Armour
 c - +4 gold dragon scales (worn)
 d - a +2 kite shield (worn)
 e - a +0 pair of boots (worn)
 f - a +1 pair of gloves (worn)
 h - a scarf of resistance (worn)
Jewellery
 j - the ring of Haorul (right hand) {rElec rN+ Str+6 Dex-5}
   (You bought it in a shop in the Dungeon)

   [ring of strength]

   Str:       It affects your strength (+6).
   Dex:       It affects your dexterity (-5).
   rElec:     It insulates you from electricity.
   rN:        It protects you from negative energy.
 k - the ring "Diojoedgh" (left hand) {rC+ Will+ EV+5 Str+2 Slay+3}
   (You bought it in a shop in the Dungeon)

   [ring of evasion]

   EV:        It affects your evasion (+5).
   Str:       It affects your strength (+2).
   Slay:      It affects your accuracy & damage with ranged weapons and melee
   (+3).
   rC:        It protects you from cold.
   Will:      It increases your willpower.
Wands
 o - a wand of iceblast (10)
 p - a wand of mindburst (7)
Scrolls
 n - 2 scrolls of blinking
 q - 7 scrolls of identify
Potions
 g - a potion of haste
 i - a potion of curing
 m - 3 potions of might
 r - a potion of cancellation
 s - a potion of berserk rage
Miscellaneous
 u - a lightning rod (4/4)


   Skills:
 * Level 23.1 Fighting
 * Level 23.0 Polearms
 * Level 23.1 Armour
 + Level 15.4 Dodging
 * Level 23.1 Shields
 + Level 13.1 Evocations


You had 13 spell levels left.
You didn't know any spells.
Your spell library was empty.

Dungeon Overview and Level Annotations

Branches:
Dungeon (1/1)

Altars:
Cheibriados
Dithmenos
Elyvilon
Fedhas
Gozag
Hepliaklqana
Kikubaaqudgha
Makhleb
Nemelex Xobeh
Okawaru
Qazlal
Ru
Sif Muna
Trog
Uskayaw
Vehumet
Wu Jian
Xom
Yredelemnul
Zin
The Shining One
Jiyva
Lugonu

Shops:
D (==?**([[(?

Annotations:
D Cerebov, Ereshkigal


Innate Abilities, Weirdness & Mutations

You have a pair of horns on your head.
You reflexively headbutt those who attack you in melee.


Message History

You block the Brimstone Fiend's attack.
The ironbound convoker shouts!
Cerebov shouts, "I will devour thy skull!"
You puncture the Brimstone Fiend!
The Brimstone Fiend is severely wounded.
You hit the Brimstone Fiend but do no damage.
You headbutt the Brimstone Fiend!!
The Brimstone Fiend is almost dead.
The ironbound convoker is distracted by your dazzling golden aura.
The Brimstone Fiend gestures at you.
The sphere of damnation explodes!
The damnation engulfs you!!!
* * * LOW HITPOINT WARNING * * *
The damnation engulfs the Brimstone Fiend.
The Brimstone Fiend completely resists.
The ironbound convoker shouts!
Blink to where?
Press: ? - help, Dir - move target
As you read the scroll of blinking, it crumbles to dust.
Things that are here:
135 gold pieces; a +0 ring mail
Things that are here:
171 gold pieces; a +0 longbow You open the door.
The Brimstone Fiend is distracted by your dazzling golden aura.
There is an open door to the Vaults here.
You close the door.
You start resting.
The ironbound convoker casts a spell at Ereshkigal.
Ereshkigal seems to grow stronger.
Cerebov hits you with the +6 sword of Cerebov {flame}!!
* * * LOW HITPOINT WARNING * * *
Cerebov burns you.
* * * LOW HITPOINT WARNING * * *
The sword of Cerebov burns away your fire resistance.
There is an open door to the Vaults, spattered with blood here.
You puncture Cerebov! You headbutt Cerebov, but do no damage.
Cerebov is lightly wounded.
Cerebov hits you with the +6 sword of Cerebov {flame}!!!
You die...
Your body crumbles into a pile of gold.

▓1▓.▓.▓.▓)▓.▓.▓.▓.
▓$▓.▓.▓.▓)▓.▓.▓.▓.
▓&▓.▓.▓.▓'▓.▓=▓.▓.
▓p▓.▓)▓)▓.▓.▓)▓.▓'
▓p▓.▓.▓.▓.▓.▓)▓.▓.
▓N▓.▓)▓.▓.▓.▓.▓.▓.
▓*▓.▓)▓.▓.▓.▓.▓.▓.
$
▓&▓.▓.▓.▓.▓.▓.▓.▓.
▓@▓.▓.▓.▓.▓.▓[▓.▓.
▓.▓)▓'▓.▓.▓.▓[▓.▓.
▓.▓.▓.▓.▓.▓.▓)▓.▓.
▓.▓.▓.▓.▓.▓.▓)▓.▓.
▓.▓.▓.▓.▓.▓.▓)▓.▓.
▓.▓.▓.▓.▓[▓.▓)▓.▓'
▓.▓.▓.▓.▓[▓.▓)▓.▓.
▓.▓.▓.▓.▓[▓.▓)▓.▓.
▓)▓.▓.▓.▓[▓.▓)▓.▓.


You could see Cerebov, Ereshkigal (strong), an orb of fire, a nagaraja and 2
ironbound convokers.

Vanquished Creatures
  A tentacled monstrosity (D)
  2 Orb Guardians (D)
  Agnes (D)
  A storm dragon (D)
  A vault warden (D)
  A frost giant (D)
  5 stone giants (D)
  3 ironbound preservers (D)
  An ironbound thunderhulk (D)
  A very ugly thing (D)
  A vampire knight (D)
  A yellow draconian (D)
  2 bunyips (D)
  2 dire elephants (D)
  An ettin (D)
  2 merfolk impalers (D)
  2 fire dragons (D)
  A vault guard (D)
  Harold (D)
  2 rakshasas (D)
  An ice dragon (D)
  2 hydras (D)
  A catoblepas (D)
  A peacekeeper (D)
  A spriggan air mage (D)
  An anaconda (D)
  A radroach (D)
  3 centaur warriors (D)
  An alligator (D)
  Erica (D)
  2 ironbound frosthearts (D)
  7 two-headed ogres (D)
  2 boulder beetles (D)
  2 tengu warriors (D)
  A deep troll earth mage (D)
  An orc high priest (D)
  A spriggan berserker (D)
  2 shock serpents (D)
  A hell knight (D)
  Nergalle (D)
  2 pharaoh ants (D)
  2 sea snakes (D)
  A glowing orange brain (D)
  A goliath frog (D)
  A lindwurm (D)
  A steelbarb worm (D)
  A flayed ghost (D)
  2 ironbound convokers (D)
  2 mana vipers (D)
  2 harpies (D)
  3 orc knights (D)
  2 wizards (D)
  A deep elf pyromancer (D)
  An oklob plant (D)
  2 wolf spiders (D)
  A cyclops (D)
  A will-o-the-wisp (D)
  3 slime creatures (D)
  6 elephants (D)
  2 vault sentinels (D)
  2 black mambas (D)
  2 naga magi (D)
  A water nymph (D)
  2 cane toads (D)
  2 unseen horrors (D)
  A yaktaur (shapeshifter) (D)
  A kobold demonologist (D)
  2 komodo dragons (D)
  A merfolk (D)
  2 polar bears (D)
  2 tyrant leeches (D)
  A blink frog (shapeshifter) (D)
  A wind drake (D)
  A blink frog (D)
  2 tarantellas (D)
  2 yaks (D)
  A wyvern (D)
  A culicivora (D)
  A yak (shapeshifter) (D)
  A vampire mosquito (D)
  2 nagas (D)
  2 acid dragons (D)
  3 water moccasins (D)
  11 orc warriors (D)
  8 ogres (D)
  2 bullfrogs (D)
  A howler monkey (D)
  2 orc priests (D)
  3 orc wizards (D)
  2 adders (D)
  A dart slug (D)
  7 orcs (D)
  A giant cockroach (D)
  A goblin (D)
  A quokka (D)
  A kobold (D)
  A rat (D)
180 creatures vanquished.

Vanquished Creatures (others)
  A wizard (D)
  A bloated husk (D)
  A foxfire (D)
3 creatures vanquished.

Grand Total: 183 creatures vanquished

Notes
Turn   | Place    | Note
-------+----------+-------------------------------------------
     0 | D        | Heoruswealwe the Minotaur Fighter began the quest for the
                  | Orb.
     0 | D        | Reached XP level 1. HP: 19/19 MP: 0/0
    12 | D        | Reached skill level 1 in Dodging
    18 | D        | Noticed an ogre
    23 | D        | Reached XP level 2. HP: 27/27 MP: 1/1
    26 | D        | Killed an ogre
    27 | D        | Reached skill level 5 in Fighting
    27 | D        | Reached skill level 5 in Polearms
    27 | D        | Reached skill level 5 in Armour
    27 | D        | Reached skill level 5 in Shields
    27 | D        | Reached XP level 3. HP: 37/37 MP: 2/2
    27 | D        | Reached XP level 4. HP: 44/44 MP: 3/3
    38 | D        | Found a snail-covered altar of Cheibriados.
    38 | D        | Found a shadowy altar of Dithmenos.
    38 | D        | Found a white marble altar of Elyvilon.
    38 | D        | Found a blossoming altar of Fedhas.
    38 | D        | Found an opulent altar of Gozag.
    39 | D        | Found a hazy altar of Hepliaklqana.
    40 | D        | Found a viscous altar of Jiyva.
    41 | D        | Found an ancient bone altar of Kikubaaqudgha.
    42 | D        | Found a corrupted altar of Lugonu.
    43 | D        | Found a burning altar of Makhleb.
    44 | D        | Found a sparkling altar of Nemelex Xobeh.
    45 | D        | Found an iron altar of Okawaru.
    46 | D        | Became a worshipper of Gozag Ym Sagoz the Greedy
    47 | D        | Found a stormy altar of Qazlal.
    48 | D        | Found a sacrificial altar of Ru.
    49 | D        | Found a shimmering blue altar of Sif Muna.
    50 | D        | Found a bloodstained altar of Trog.
    51 | D        | Found a hide-covered altar of Uskayaw.
    52 | D        | Found a radiant altar of Vehumet.
    53 | D        | Found an ornate altar of the Wu Jian Council.
    54 | D        | Found a shimmering altar of Xom.
    55 | D        | Found a basalt altar of Yredelemnul.
    56 | D        | Found a glowing silver altar of Zin.
    57 | D        | Found a glowing golden altar of the Shining One.
   108 | D        | Noticed a yak
   108 | D        | Noticed a kobold demonologist
   108 | D        | Noticed a two-headed ogre
   108 | D        | Noticed an acid dragon
   108 | D        | Noticed a wyvern
   110 | D        | Killed a wyvern
   111 | D        | Reached XP level 5. HP: 40/52 MP: 4/4
   114 | D        | Killed an acid dragon
   115 | D        | Reached XP level 6. HP: 48/61 MP: 5/5
   115 | D        | Noticed a sun demon
   124 | D        | Killed an unseen horror
   125 | D        | Reached skill level 5 in Dodging
   125 | D        | Reached XP level 7. HP: 42/70 MP: 6/6
   136 | D        | Killed a two-headed ogre
   137 | D        | Reached skill level 10 in Fighting
   137 | D        | Reached skill level 10 in Polearms
   137 | D        | Reached skill level 10 in Armour
   137 | D        | Reached skill level 10 in Shields
   137 | D        | Reached skill level 5 in Evocations
   137 | D        | Reached XP level 8. HP: 26/80 MP: 7/7
   148 | D        | Killed a kobold demonologist
   216 | D        | Noticed a centaur warrior
   216 | D        | Noticed a cyclops
   216 | D        | Noticed a yaktaur
   220 | D        | Killed a yaktaur
   227 | D        | Killed a cyclops
   228 | D        | Reached XP level 9. HP: 90/90 MP: 8/8
   237 | D        | Killed an unseen horror
   255 | D        | Killed a centaur warrior
   382 | D        | Noticed Harold
   390 | D        | Killed Harold
   391 | D        | Reached XP level 10. HP: 89/101 MP: 9/9
   463 | D        | Noticed a black mamba
   486 | D        | Killed a black mamba
   495 | D        | Noticed an oklob plant
   497 | D        | Noticed a cane toad
   505 | D        | Killed an oklob plant
   511 | D        | Killed a cane toad
   660 | D        | Noticed a lindwurm
   660 | D        | Noticed a cane toad
   660 | D        | Noticed a black mamba
   667 | D        | Killed a black mamba
   667 | D        | Noticed a five-headed hydra
   676 | D        | Killed a cane toad
   680 | D        | Killed a lindwurm
   688 | D        | Killed a nine-headed hydra
   689 | D        | Reached XP level 11. HP: 111/111 MP: 10/10
   775 | D        | Reached skill level 15 in Fighting
   797 | D        | Noticed a dire elephant
   798 | D        | Noticed a dire elephant
   804 | D        | Reached skill level 15 in Armour
   804 | D        | Reached skill level 15 in Shields
   810 | D        | Reached skill level 15 in Polearms
   819 | D        | Killed a dire elephant
   825 | D        | Reached skill level 10 in Dodging
   836 | D        | Killed a dire elephant
  1171 | D        | Noticed an orc knight
  1172 | D        | Noticed an orc high priest
  1187 | D        | Killed an orc knight
  1188 | D        | Noticed an orc knight
  1211 | D        | Killed an orc high priest
  1223 | D        | Killed an orc knight
  1480 | D        | Found Coluged's Magic Scroll Boutique.
  1480 | D        | Noticed a two-headed ogre
  1480 | D        | Noticed a two-headed ogre
  1480 | D        | Noticed a two-headed ogre
  1483 | D        | Noticed a two-headed ogre
  1486 | D        | Killed a two-headed ogre
  1488 | D        | Killed a two-headed ogre
  1489 | D        | Reached XP level 12. HP: 123/124 MP: 11/11
  1491 | D        | Killed a two-headed ogre
  1507 | D        | Killed a two-headed ogre
  1512 | D        | Found Iluoc's Antique Weapon Shop.
  1516 | D        | Found Jaudarph's Antique Armour Boutique.
  1519 | D        | Found Mophow's Antique Armour Shop.
  1541 | D        | Noticed a two-headed ogre
  1556 | D        | Killed a two-headed ogre
  1563 | D        | Noticed a two-headed ogre
  1579 | D        | Killed a two-headed ogre
  1633 | D        | Bought a scroll of identify for 22 gold pieces
  1633 | D        | Bought a scroll of identify for 22 gold pieces
  1633 | D        | Bought a scroll of identify for 22 gold pieces
  1633 | D        | Bought a scroll of enchant weapon for 82 gold pieces
  1633 | D        | Bought a scroll of enchant weapon for 82 gold pieces
  1633 | D        | Bought a scroll of identify for 22 gold pieces
  1639 | D        | Bought a runed scarf for 168 gold pieces
  1676 | D        | Bought a +8 demon trident of flaming for 1104 gold pieces
  1676 | D        | Bought a +6 heavy glaive for 699 gold pieces
  1711 | D        | Bought a potion of curing for 90 gold pieces
  1711 | D        | Bought a scroll of identify for 60 gold pieces
  1711 | D        | Bought a scroll labelled VAROCV XACRAE for 30 gold pieces
  1711 | D        | Bought a gold wand for 120 gold pieces
  1718 | D        | Bought a scroll of blinking for 180 gold pieces
  1718 | D        | Bought a lightning rod (4/4) for 720 gold pieces
  1718 | D        | Bought a scroll of identify for 48 gold pieces
  1718 | D        | Bought a potion of heal wounds for 120 gold pieces
  1718 | D        | Bought a potion of curing for 72 gold pieces
  1721 | D        | Bought 3 scrolls of torment for 399 gold pieces
  1721 | D        | Bought a scroll of identify for 28 gold pieces
  1768 | D        | Bought the ring "Diojoedgh" {rC+ Will+ EV+5 Str+2 Slay+3}
                  | for 1230 gold pieces
  1973 | D        | Noticed a centaur warrior
  1973 | D        | Noticed an eight-headed hydra
  1973 | D        | Noticed a boulder beetle
  1973 | D        | Noticed a catoblepas
  1986 | D        | Killed a catoblepas
  1996 | D        | Noticed an ettin
  1997 | D        | Killed an eight-headed hydra
  2002 | D        | Noticed an ice dragon
  2003 | D        | Noticed a stone giant
  2007 | D        | Killed a centaur warrior
  2012 | D        | Killed a boulder beetle
  2013 | D        | Noticed a red very ugly thing
  2019 | D        | Reached skill level 10 in Evocations
  2023 | D        | Killed an ettin
  2026 | D        | Noticed a spriggan air mage
  2029 | D        | Killed an ice dragon
  2030 | D        | Noticed a stone giant
  2036 | D        | Killed a stone giant
  2041 | D        | Killed a red very ugly thing
  2057 | D        | Killed a spriggan air mage
  2067 | D        | Killed a stone giant
  2070 | D        | Reached XP level 13. HP: 63/136 MP: 12/12
  2248 | D        | Bought the ring of Haorul {rElec rN+ Str+6 Dex-5} for 524
                  | gold pieces
  2272 | D        | Noticed Erica
  2279 | D        | Killed Erica
  2295 | D        | Noticed Nergalle
  2312 | D        | Killed Nergalle
  2375 | D        | Noticed a bunyip
  2380 | D        | Killed a bunyip
  2391 | D        | Noticed a bunyip
  2407 | D        | Killed a bunyip
  2579 | D        | Noticed a merfolk impaler
  2590 | D        | Noticed a merfolk impaler
  2607 | D        | Killed a merfolk impaler
  2619 | D        | Killed a merfolk impaler
  2902 | D        | Bought a +4 bardiche of holy wrath for 420 gold pieces
  2966 | D        | Noticed Agnes
  2975 | D        | Killed Agnes
  3032 | D        | Noticed a fire dragon
  3032 | D        | Noticed a stone giant
  3032 | D        | Noticed a frost giant
  3032 | D        | Noticed a stone giant
  3035 | D        | Killed a stone giant
  3038 | D        | Noticed a stone giant
  3039 | D        | Killed a frost giant
  3043 | D        | Noticed a tentacled monstrosity
  3045 | D        | Killed a stone giant
  3046 | D        | Reached XP level 14. HP: 150/151 MP: 13/13
  3054 | D        | Killed a stone giant
  3054 | D        | Noticed a storm dragon
  3063 | D        | Killed a tentacled monstrosity
  3082 | D        | Killed a storm dragon
  3337 | D        | Noticed an ironbound thunderhulk
  3356 | D        | Killed an ironbound thunderhulk
  3357 | D        | Noticed a vault warden
  3377 | D        | Killed a vault warden
  3378 | D        | Noticed an ironbound preserver
  3378 | D        | Noticed an ironbound preserver
  3382 | D        | Noticed an ironbound preserver
  3403 | D        | Killed an ironbound preserver
  3404 | D        | Reached skill level 15 in Dodging
  3405 | D        | Killed an ironbound preserver
  3407 | D        | Killed an ironbound preserver
  3413 | D        | Noticed a vampire knight
  3413 | D        | Noticed an Orb Guardian
  3423 | D        | Noticed an Orb Guardian
  3427 | D        | Killed a vampire knight
  3440 | D        | Killed an Orb Guardian
  3445 | D        | Found the +6 sword of Cerebov {flame}
  3445 | D        | Noticed Cerebov
  3445 | D        | Noticed a nagaraja
  3452 | D        | Noticed an orb of fire
  3455 | D        | Killed an Orb Guardian
  3464 | D        | Noticed a Brimstone Fiend
  3467 | D        | Noticed Ereshkigal
  3534 | D        | Annihilated by Cerebov

Illustrated notes

Levels and vault maps discovered:
D:        linesprint [early_d, line_temple, items_1, d_10, items_2, lair_1,
          lair_end, items_3, orc_1, orc_end, items_4, d_15, swamp_1, shoals_1,
          snake_1, spider_1, d_20, vaults_1, items_5, swamp_end, shoals_end,
          snake_end, spider_end, vaults_end, d_27, items_6, zot_1, zot_end,
          crypt_end, forest_end, elf_end, slime_end, tomb_end, abyss_end,
          pan_hell_end]

Skill      XL: |  1  2  3  4  5  6  7  8  9 10 11 12 13 14 |
---------------+-------------------------------------------+-----
Fighting       | 4 5 7 8 9 10 11 13 14 16 18 21 23 | 23.1
Polearms       | 3 5 7 8 10 11 12 14 16 18 20 23 | 23.0
Armour         | 4 5 7 8 9 10 11 13 14 16 18 21 23 | 23.1
Shields        | 4 5 7 8 9 10 11 13 14 16 18 21 23 | 23.1
Dodging        | 1 2 4 5 6 7 8 9 11 12 13 15 | 15.4
Evocations     | 2 3 4 5 6 7 9 10 11 13 | 13.1

Action                     |  1- 3 |  4- 6 |  7- 9 | 10-12 | 13-15 || total
---------------------------+-------+-------+-------+-------+-------++-------
  Melee: Trident           |    15 |     5 |       |       |       ||    20
         Headbutt          |     2 |     5 |    20 |   103 |    80 ||   210
         Halberd           |       |    16 |    66 |   278 |       ||   360
         Demon trident     |       |       |       |    72 |   320 ||   392
 Invoke: Call Merchant     |       |       |       |     5 |     2 ||     7
  Evoke: Wand              |       |       |       |       |     1 ||     1
         Lightning rod     |       |       |       |       |     1 ||     1
    Use: Potion            |       |       |     3 |    11 |     8 ||    22
         Scroll            |       |       |       |     6 |     7 ||    13
   Stab: Distracted        |       |     1 |       |     5 |     9 ||    15
         Petrified         |       |       |       |     2 |       ||     2
 Armour: Scale mail        |     3 |       |       |       |       ||     3
         Chain mail        |       |    17 |    47 |    78 |       ||   142
         Plate armour      |       |       |       |    31 |       ||    31
         Gold dragon scale |       |       |       |    30 |    90 ||   120
  Dodge: Dodged            |     6 |     4 |    23 |   115 |    75 ||   223
  Block: Buckler           |     1 |     1 |       |    21 |    55 ||    78
         Kite shield       |       |       |       |       |    29 ||    29
